 Dungeon Crawl Stone Soup version 0.29.0-4-gdea44cf6ec (webtiles) character file.

Game seed: 18287669316127724750

131 qw the Chopper (level 5, -1/30 HPs)
             Began as a Tengu Warper on Aug 28, 2022.
             Killed from afar by a dart slug (3 damage)
             ... with a slug dart
             ... on level 3 of the Dungeon.
             The game lasted 00:00:15 (2527 turns).

qw the Chopper (Tengu Warper)                       Turns: 2527, Time: 00:00:16

Health: -1/30      AC:  5    Str: 13    XL:     5   Next: 14%
Magic:  9/9        EV: 13    Int: 14    God:
Gold:   39         SH:  0    Dex: 13    Spells: 8/8 levels left

rFire   . . .      SeeInvis .   Y - +1 hand axe
rCold   . . .      Faith    .   (no shield)
rNeg    . . .      Spirit   .   f - +0 ring mail
rPois   +          Reflect  .   (helmet restricted)
rElec   .          Harm     .   (no cloak)
rCorr   .          Rampage  .   (no gloves)
Will    .....                   (boots unavailable)
Stlth   +.........              (no amulet)
HPRegen 0.10/turn               d - ring of poison resistance
MPRegen 0.11/turn               (no ring)

@: flying quickly and evasively, quick
A: beak, talons 3, nimble flight
a: no special abilities


You were on level 3 of the Dungeon.
You visited 1 branch of the dungeon, and saw 3 of its levels.

You collected 136 gold pieces.
You spent 97 gold pieces at shops.


Innate Abilities, Weirdness & Mutations

You have a beak for a mouth.
You have claws for feet.
Your magical nature lets you fly swiftly and evasively.


   Skills:
 - Level 2.0 Fighting
 + Level 5.7 Axes
 - Level 1.0 Throwing
 - Level 1.1 Armour
 - Level 2.1 Dodging
 - Level 2.0 Spellcasting
 - Level 2.4 Translocations


You had 8 spell levels left.
You didn't know any spells.
Your spell library contained the following spells:

 Spells                   Type           Power      Damage    Failure   Level
 Blink                    Tloc           16%        N/A       28%         2
 Gell's Gravitas          Tloc           8%         N/A       50%         3
 Lesser Beckoning         Tloc           8%         N/A       50%         3
 Teleport Other           Tloc           8%         N/A       50%         3
 Manifold Assault         Tloc           8%         N/A       99%         5

Inventory:

Hand Weapons
 e - a +0 whip
 Y - a +1 hand axe (weapon)
Armour
 b - a +0 chain mail
 f - a +0 ring mail (worn)
Jewellery
 a - a ring of fire
 d - a ring of poison resistance (left hand)
Scrolls
 g - 3 scrolls of identify

Dungeon Overview and Level Annotations

Branches:
Dungeon (3/15)

Altars:
Sif Muna
Wu Jian

Shops:
D:1 ?   D:3 [*


Message History

The orc hits you with a +0 flail! The orc wizard closely misses you.
You barely miss the orc wizard. Your kick misses the orc wizard.
The orc wizard is heavily wounded.
You hit the orc. You closely miss the orc. You hit the orc.
The orc barely misses you.
The orc wizard hits you with a +3 dagger.
The orc closely misses you. The orc hits you but does no damage.
You hit the orc wizard.
The orc wizard is severely wounded.
You hit the orc.
You kill the orc!
You barely miss the orc. x2
A worm comes into view.
The orc wizard barely misses you. The orc closely misses you. x2
You closely miss the orc wizard. You claw the orc wizard.
You kill the orc wizard!
You hit the orc. x2; You closely miss the orc.
The orc hits you with a +0 short sword. The orc hits you with a +0 club.
The orc hits you but does no damage.
You have reached level 5!
Your magical nature develops, letting you fly swiftly and evasively.
You hit the orc.
You kill the orc!
You hit the orc.
You kill the orc!
You barely miss the orc. The orc hits you with a +0 club.
You closely miss the orc. You claw the orc.
You kill the orc!
2523 ||| FLEEEEING.
You see here a bat corpse.
2524 ||| FLEEEEING.
2525 ||| FLEEEEING.
An iguana comes into view.
2526 ||| FLEEEEING.
Found 7 gold pieces.
2527 ||| FLEEEEING.
A dart slug comes into view.
The dart slug launches a dart at you. The slug dart hits you.
You die...

........### ####
#..#.....###.......
#.................
#....w..#........
#.))%...#.w.....
####.).)...#..$....
#..........#.......
#.##..........l..# .
#..?.##.@.##...
#...##..#.#
#.##......#.##..#.#
.....######%.......
..>.........>.....<.
.#######........#....
#####.%.......#...##.#
......#..###...##.# .#
.####...## ##... .


You could see a worm, an iguana and a dart slug.

Vanquished Creatures
  An orc wizard (D:3)
  2 adders (D:2)
  4 worms (D:2)
  3 dart slugs
  4 orcs (D:3)
  8 bats
  8 endoplasms
  5 giant cockroaches
  3 goblins
  7 hobgoblins
  7 kobolds
  2 quokkas (D:2)
  3 ball pythons
  4 frilled lizards
  3 rats
64 creatures vanquished.

Notes
Turn   | Place    | Note
-------+----------+-------------------------------------------
     0 | D:1      | qw the Tengu Warper began the quest for the Orb.
     0 | D:1      | Reached XP level 1. HP: 12/12 MP: 4/4
     0 | D:1      | 0 ||| qw: Version: 0.1-a-89-g26bdef1
     0 | D:1      | 0 ||| qw: Game counter: 1046
     0 | D:1      | 0 ||| qw: Always use a shield: true
     0 | D:1      | 0 ||| qw: God list: Okawaru
     0 | D:1      | 0 ||| qw: Allow faded altars: false
     0 | D:1      | 0 ||| qw: Do Orc after D:15 true
     0 | D:1      | 0 ||| qw: Do second Lair branch before Depths: true
     0 | D:1      | 0 ||| qw: Lair rune preference: random
     0 | D:1      | 0 ||| qw: Plans: Normal
     0 | D:1      | 0 ||| PLANNING D:1-11
    50 | D:1      | Found a faded altar of an unknown god.
   105 | D:1      | Reached skill level 3 in Axes
   105 | D:1      | Reached XP level 2. HP: 17/17 MP: 6/6
   173 | D:1      | 173 ||| Stepping ~*~*~tactically~*~*~ (hiding).
   363 | D:1      | 363 ||| DROPPING +0 club.
   495 | D:1      | Reached XP level 3. HP: 19/21 MP: 7/7
   523 | D:1      | Found Deom's Magic Scroll Shoppe.
   534 | D:1      | 534 ||| BUYING scroll of identify (24 gold).
   534 | D:1      | Bought a scroll of identify for 24 gold pieces
   534 | D:1      | 534 ||| BUYING scroll of identify (24 gold).
   534 | D:1      | Bought a scroll of identify for 24 gold pieces
   534 | D:1      | 534 ||| SHOPLISTING scroll of teleportation (36 gold, have
                  | 11).
   754 | D:1      | 754 ||| UPGRADING to ring of poison resistance.
   755 | D:1      | 755 ||| READING 2 scrolls labelled NIV SIASIM.
   756 | D:1      | 756 ||| READING scroll labelled SAHAUBL JYAN.
   857 | D:1      | 857 ||| READING scroll labelled REAMOT KAXO.
   858 | D:1      | 858 ||| DROPPING scroll of noise.
   859 | D:1      | 859 ||| DROPPING scroll of blinking.
   919 | D:2      | Reached skill level 4 in Axes
  1496 | D:2      | Found an ornate altar of the Wu Jian Council.
  1606 | D:2      | 1606 ||| FLEEEEING.
  1607 | D:2      | 1607 ||| FLEEEEING.
  1608 | D:2      | 1608 ||| FLEEEEING.
  1609 | D:2      | 1609 ||| FLEEEEING.
  1610 | D:2      | 1610 ||| FLEEEEING.
  1611 | D:2      | 1611 ||| FLEEEEING.
  1612 | D:2      | 1612 ||| FLEEEEING.
  1613 | D:2      | 1613 ||| FLEEEEING.
  1614 | D:2      | 1614 ||| FLEEEEING.
  1615 | D:2      | 1615 ||| FLEEEEING.
  1616 | D:2      | 1616 ||| FLEEEEING.
  1618 | D:2      | 1618 ||| FLEEEEING.
  1619 | D:2      | 1619 ||| STAIRDANCE
  1694 | D:1      | 1694 ||| READING scroll labelled ENALEWNU VOCA.
  1698 | D:1      | 1698 ||| READING scroll labelled HYOLUF WYGYPS.
  1699 | D:1      | 1699 ||| READING scroll labelled NEYM COVISM.
  1700 | D:1      | 1700 ||| READING scroll labelled UDIBBA AWOU.
  1811 | D:2      | Reached XP level 4. HP: 25/26 MP: 8/8
  1857 | D:2      | 1857 ||| FLEEEEING.
  1858 | D:2      | 1858 ||| FLEEEEING.
  1859 | D:2      | 1859 ||| FLEEEEING.
  2122 | D:2      | 2122 ||| Stepping ~*~*~tactically~*~*~ (stealth).
  2127 | D:2      | 2127 ||| FLEEEEING.
  2132 | D:2      | 2132 ||| FLEEEEING.
  2133 | D:2      | 2133 ||| FLEEEEING.
  2186 | D:2      | Reached skill level 5 in Axes
  2272 | D:2      | 2272 ||| UPGRADING to +0 ring mail.
  2282 | D:2      | 2282 ||| DROPPING +0 leather armour.
  2283 | D:2      | 2283 ||| READING scroll labelled FACZEZ TESEI.
  2326 | D:3      | Found Gibod's Armour Shoppe.
  2333 | D:3      | 2333 ||| BUYING +0 chain mail (49 gold).
  2333 | D:3      | Bought a +0 chain mail for 49 gold pieces
  2333 | D:3      | 2333 ||| SHOPLISTING +0 pair of gloves (49 gold, have 23).
  2439 | D:3      | Found a shimmering blue altar of Sif Muna.
  2494 | D:3      | 2494 ||| Stepping ~*~*~tactically~*~*~ (stealth).
  2496 | D:3      | 2496 ||| Stepping ~*~*~tactically~*~*~ (stealth).
  2520 | D:3      | HP: 6/26 [orc/+0 short sword (2)]
  2521 | D:3      | Gained mutation: Your magical nature lets you fly swiftly
                  | and evasively. [Tengu growth]
  2521 | D:3      | Reached XP level 5. HP: 3/30 MP: 9/9
  2521 | D:3      | HP: 1/30 [orc/+0 club (2)]
  2523 | D:3      | 2523 ||| FLEEEEING.
  2524 | D:3      | 2524 ||| FLEEEEING.
  2525 | D:3      | 2525 ||| FLEEEEING.
  2526 | D:3      | 2526 ||| FLEEEEING.
  2527 | D:3      | 2527 ||| FLEEEEING.
  2527 | D:3      | Found Guffon's General Store.
  2527 | D:3      | Killed from afar by a dart slug

Levels and vault maps discovered:
D:1:      saegor_arrival_miasma, layout_loops_ring,
          shapermc_ecumenical_altar_venn, serial_shops, shop_scrolls
D:2:      minmay_recursive_quarters, layout_rooms, basic_altar
D:3:      layout_rooms, nicolae_overflow_crystal_walls, serial_shops,
          nicolae_diamond_shop, nicolae_square_shop, shop, shop

Skill      XL: |  1  2  3  4 |
---------------+-------------+-----
Axes           | 3 4 5 |  5.7
Fighting       | |  2.0
Throwing       | |  1.0
Armour         | |  1.1
Dodging        | |  2.1
Spellcasting   | |  2.0
Translocations | |  2.4

Action                   |  1- 3 |  4- 6 || total
-------------------------+-------+-------++-------
Melee: Hand axe          |    81 |    59 ||   140
       Kick              |    26 |    17 ||    43
       Peck              |    12 |     7 ||    19
Throw: Boomerang         |     7 |       ||     7
  Use: Scroll            |     7 |     1 ||     8
Armor: Leather armour    |    14 |     8 ||    22
       Ring mail         |       |     6 ||     6
Dodge: Dodged            |    29 |    34 ||    63

Table legend:
 A = Non-vault XP
 B = Vault XP
 C = Vault XP percentage of total XP
 D = Non-vault monster count
 E = Vault monster count
 F = Vault count percentage of total count
                 A         B        C        D         E       F
            +---------+---------+-------+---------+---------+-------
      Total |     166 |      22 |  11.7 |      54 |      10 |  15.6
            +---------+---------+-------+---------+---------+-------
        D:1 |      41 |       0 |   0.0 |      22 |       0 |   0.0
        D:2 |      58 |      22 |  27.5 |      16 |      10 |  38.5
        D:3 |      67 |       0 |   0.0 |      16 |       0 |   0.0
            +---------+---------+-------+---------+---------+-------
